NTL
ST. CLOUD ROX @ WATERTOWN BUCKS
06/21/1982
 
TOP OF THE 1ST
St. Cloud Rox batting - Pitching for Watertown Bucks : RHP Tony Valenzuela
Pitching: RHP Tony Valenzuela
Batting: LHB Doran Perdue 0-0: Called Strike
0-1: Foul Ball, location: 2F
0-2: Fly out, F6 (Flyball, 6D, EV 86.3 MPH)
Batting: RHB Ron Gardenhire 0-0: Swinging Strike
0-1: SINGLE (Line Drive, 7S, EV 105.6 MPH)
Batting: SHB R J Reynolds 0-0: Ball
1-0: DOUBLE (Flyball, 89XD, EV 96.9 MPH)
Ron Gardenhire to third
Runner from 3rd tries for Home, SAFE, throw by CF to trailing runner, SAFE at third!
Batting: LHB Tim Flannery 0-0: Ball
1-0: Ball
2-0: Ball
3-0: Base on Balls
Batting: LHB Curtis Morgan 0-0: Ball
Tim Flannery steals 2nd base
1-0: Foul Ball, location: 2F
1-1: Fly out, F4 (Popup, 4, EV 68.1 MPH)
Batting: SHB Manny Galvez 0-0: Ball
1-0: Called Strike
1-1: Foul Ball, location: 2F
1-2: Ground out 4-3 (Groundball, 4, EV 87.5 MPH)
Top of the 1st over - 1 run, 2 hits, 0 errors, 2 left on base; St. Cloud 1 - Watertown 0
BOTTOM OF THE 1ST
Watertown Bucks batting - Pitching for St. Cloud Rox : RHP Tony Becerra
Pitching: RHP Tony Becerra
Batting: SHB Luis Rivera 0-0: Ball
1-0: Foul Ball, location: 2F
1-1: Swinging Strike
1-2: Ball
2-2: Foul Ball, location: 2F
2-2: Ground out U3 (Groundball, 34S, EV 70.0 MPH)
Batting: RHB Robert Tanzi 0-0: Swinging Strike
0-1: Ball
1-1: Ball
2-1: Ball
3-1: Ground out U3 (Groundball, 3, EV 76.3 MPH)
Batting: RHB Randy Hunt 0-0: Called Strike
0-1: Ball
1-1: Called Strike
1-2: Strikes out swinging
Bottom of the 1st over - 0 runs, 0 hits, 0 errors, 0 left on base; St. Cloud 1 - Watertown 0
TOP OF THE 2ND
St. Cloud Rox batting - Pitching for Watertown Bucks : RHP Tony Valenzuela
Batting: RHB Tony Castillo 0-0: Called Strike
0-1: Foul Ball, location: 2F
0-2: Foul Ball, location: 2F
0-2: Ball
1-2: Strikes out swinging
Batting: RHB Dennis Sherrill 0-0: Called Strike
0-1: Fly out, F8 (Flyball, 8LM, EV 93.8 MPH)
Batting: RHB Rich Velasquez 0-0: Called Strike
0-1: Ground out 5-3 (Groundball, 56, EV 104.4 MPH)
Top of the 2nd over - 0 runs, 0 hits, 0 errors, 0 left on base; St. Cloud 1 - Watertown 0
BOTTOM OF THE 2ND
Watertown Bucks batting - Pitching for St. Cloud Rox : RHP Tony Becerra
Batting: RHB Richard Plautz 0-0: Ball
1-0: Foul Ball, location: 2F
1-1: Foul Ball, location: 2F
1-2: Foul Ball, location: 2F
1-2: Ball
2-2: Strikes out swinging
Batting: LHB Bryan Neal 0-0: Ground out 4-3 (Groundball, 4, EV 104.4 MPH)
Batting: RHB Eugene Cattane 0-0: Called Strike
0-1: Ball
1-1: SINGLE (Groundball, 6MS, EV 71.9 MPH) (infield hit)
Batting: LHB Greg Guin 0-0: Ball
1-0: Called Strike
1-1: Ball
2-1: Ball
3-1: Ground out 6-3 (Groundball, 6MS, EV 91.9 MPH)
Bottom of the 2nd over - 0 runs, 1 hit, 0 errors, 1 left on base; St. Cloud 1 - Watertown 0
TOP OF THE 3RD
St. Cloud Rox batting - Pitching for Watertown Bucks : RHP Tony Valenzuela
Batting: LHB Doran Perdue 0-0: Called Strike
0-1: Ground out 5-3 (Groundball, 5, EV 78.8 MPH)
Batting: RHB Ron Gardenhire 0-0: SINGLE (Line Drive, 8LS, EV 105.0 MPH)
Batting: SHB R J Reynolds 0-0: Fly out, F7 (Line Drive, 7D, EV 93.8 MPH)
Batting: LHB Tim Flannery 0-0: Ball
1-0: Foul Ball, location: 2F
1-1: Ball
2-1: TRIPLE (Flyball, 78XD, EV 106.3 MPH)
Ron Gardenhire scores
Batting: LHB Curtis Morgan 0-0: Foul Ball, location: 2F
0-1: Foul Ball, location: 2F
0-2: Ball
1-2: SINGLE (Groundball, 56D, EV 109.4 MPH)
Tim Flannery scores
Batting: SHB Manny Galvez 0-0: Ball
1-0: Ground out 4-3 (Groundball, 13, EV 85.6 MPH)
Top of the 3rd over - 2 runs, 3 hits, 0 errors, 1 left on base; St. Cloud 3 - Watertown 0
BOTTOM OF THE 3RD
Watertown Bucks batting - Pitching for St. Cloud Rox : RHP Tony Becerra
Batting: RHB Thomas Dimino 0-0: Ball
1-0: Ball
2-0: Ball
3-0: Called Strike
3-1: SINGLE (Line Drive, 7S, EV 99.4 MPH)
Batting: LHB Manuel Vigil 0-0: Called Strike
0-1: Fly out, F9 (Flyball, 9, EV 79.4 MPH)
Batting: SHB Luis Rivera 0-0: Ball
Thomas Dimino is caught stealing 2nd base 2-6
1-0: Called Strike
1-1: Ball
2-1: Ball
3-1: Ground out 4-3 (Groundball, 4, EV 98.8 MPH)
Bottom of the 3rd over - 0 runs, 1 hit, 0 errors, 0 left on base; St. Cloud 3 - Watertown 0
TOP OF THE 4TH
St. Cloud Rox batting - Pitching for Watertown Bucks : RHP Tony Valenzuela
Batting: RHB Tony Castillo 0-0: Ball
1-0: Called Strike
1-1: Called Strike
1-2: Strikes out swinging
Batting: RHB Dennis Sherrill 0-0: Ball
1-0: Ball
2-0: Ball
3-0: Base on Balls
Batting: RHB Rich Velasquez 0-0: Called Strike
Dennis Sherrill steals 2nd base (no throw)
0-1: Foul Ball, location: 2F
0-2: Fly out, F8 (Flyball, 78D, EV 106.3 MPH)
Runner from 2nd tags up, SAFE at 3rd with throw by CF
Batting: LHB Doran Perdue 0-0: Ground out 3-1 (Groundball, 34, EV 80.6 MPH)
Top of the 4th over - 0 runs, 0 hits, 0 errors, 1 left on base; St. Cloud 3 - Watertown 0
BOTTOM OF THE 4TH
Watertown Bucks batting - Pitching for St. Cloud Rox : RHP Tony Becerra
Batting: RHB Robert Tanzi 0-0: Ball
1-0: Ball
2-0: Ground out 6-3 (Groundball, 6, EV 106.3 MPH)
Batting: RHB Randy Hunt 0-0: Foul Ball, location: 2F
0-1: Ball
1-1: Foul Ball, location: 2F
1-2: Fly out, F8 (Line Drive, 8LM, EV 87.5 MPH)
Batting: RHB Richard Plautz 0-0: Ball
1-0: DOUBLE (Line Drive, 9LD, EV 114.4 MPH)
Batting: LHB Bryan Neal 0-0: Called Strike
0-1: Foul Ball, location: 2F
0-2: Ground out 6-3 (Groundball, 6M, EV 106.3 MPH)
Bottom of the 4th over - 0 runs, 1 hit, 0 errors, 1 left on base; St. Cloud 3 - Watertown 0
TOP OF THE 5TH
St. Cloud Rox batting - Pitching for Watertown Bucks : RHP Tony Valenzuela
Batting: RHB Ron Gardenhire 0-0: Called Strike
0-1: Swinging Strike
0-2: Ball
1-2: Fly out, F8 (Flyball, 89D, EV 108.1 MPH)
Batting: SHB R J Reynolds 0-0: Called Strike
0-1: Ball
1-1: Swinging Strike
1-2: Foul Ball, location: 2F
1-2: Ball
2-2: Ground out 6-3 (Groundball, 6, EV 108.8 MPH)
Batting: LHB Tim Flannery 0-0: Ball
1-0: SINGLE (Groundball, 15S, EV 72.5 MPH) (infield hit)
Batting: LHB Curtis Morgan 0-0: Ball
1-0: Called Strike
1-1: Ground out 1-3 (Groundball, 23, EV 71.3 MPH)
Top of the 5th over - 0 runs, 1 hit, 0 errors, 1 left on base; St. Cloud 3 - Watertown 0
BOTTOM OF THE 5TH
Watertown Bucks batting - Pitching for St. Cloud Rox : RHP Tony Becerra
Batting: RHB Eugene Cattane 0-0: Called Strike
0-1: Called Strike
0-2: Ball
1-2: Strikes out swinging
Batting: LHB Greg Guin 0-0: Ball
1-0: Ball
2-0: Called Strike
2-1: Ball
3-1: Base on Balls
Batting: RHB Thomas Dimino 0-0: Called Strike
0-1: Swinging Strike
0-2: Strikes out swinging
Batting: LHB Manuel Vigil 0-0: Ball
1-0: Called Strike
1-1: Fly out, F8 (Flyball, 8LM, EV 90.0 MPH)
Bottom of the 5th over - 0 runs, 0 hits, 0 errors, 1 left on base; St. Cloud 3 - Watertown 0
TOP OF THE 6TH
St. Cloud Rox batting - Pitching for Watertown Bucks : RHP Tony Valenzuela
Batting: SHB Manny Galvez 0-0: Called Strike
0-1: Ball
1-1: SINGLE (Line Drive, 8LS, EV 86.9 MPH)
Batting: RHB Tony Castillo 0-0: Ball
1-0: Reached on error, E5 (Groundball, 5, EV 85.6 MPH)
Manny Galvez to second
Batting: RHB Dennis Sherrill 0-0: Bunt missed!
0-1: Sac Bunt to 3S - play at first, batter OUT! 3-1
Manny Galvez to third
Tony Castillo to second
Batting: RHB Rich Velasquez 0-0: Ball
1-0: Foul Ball, location: 2F
1-1: Called Strike
1-2: Strikes out swinging
Batting: LHB Doran Perdue 0-0: Intentional Walk
Batting: RHB Ron Gardenhire 0-0: Foul Ball, location: 2F
0-1: Foul Ball, location: 2F
0-2: Ball
1-2: Foul Ball, location: 2F
1-2: Foul Ball, location: 2F
1-2: Foul Ball, location: 2F
1-2: Fielders Choice at 2nd, 6-4 (Groundball, 6, EV 85.6 MPH)
Top of the 6th over - 0 runs, 1 hit, 1 error, 3 left on base; St. Cloud 3 - Watertown 0
BOTTOM OF THE 6TH
Watertown Bucks batting - Pitching for St. Cloud Rox : RHP Tony Becerra
Batting: SHB Luis Rivera 0-0: Called Strike
0-1: Ball
1-1: Ball
2-1: Ball
3-1: SINGLE (Groundball, 6MD, EV 96.9 MPH)
Batting: RHB Robert Tanzi 0-0: Ball
1-0: Swinging Strike
1-1: Ball
2-1: Foul Ball, location: 2F
2-2: Ball
3-2: Foul Ball, location: 2F
3-2: Foul Ball, location: 2F
3-2: Foul Ball, location: 2F
3-2: Fly out, F4 (Flyball, 34D, EV 92.5 MPH)
Batting: RHB Randy Hunt 0-0: Ball
1-0: Foul Ball, location: 2F
1-1: Ball
Luis Rivera steals 2nd base
2-1: Fly out, F7 (Flyball, 7, EV 75.6 MPH)
Batting: RHB Richard Plautz 0-0: Ball
Wild Pitch!
Luis Rivera to third
1-0: Swinging Strike
1-1: Called Strike
1-2: Ground out 4-3 (Groundball, 4S, EV 76.3 MPH)
Bottom of the 6th over - 0 runs, 1 hit, 0 errors, 1 left on base; St. Cloud 3 - Watertown 0
TOP OF THE 7TH
St. Cloud Rox batting - Pitching for Watertown Bucks : RHP Tony Valenzuela
Batting: SHB R J Reynolds 0-0: Ball
1-0: Ball
2-0: Ball
3-0: Base on Balls
Batting: LHB Tim Flannery 0-0: Fly out, F8 (Flyball, 8RS, EV 89.4 MPH)
Batting: LHB Curtis Morgan 0-0: Ball
1-0: Fly out, F8 (Flyball, 8RD, EV 98.1 MPH)
Batting: SHB Manny Galvez 0-0: Fly out, F7 (Flyball, 78M, EV 98.1 MPH)
Top of the 7th over - 0 runs, 0 hits, 0 errors, 1 left on base; St. Cloud 3 - Watertown 0
BOTTOM OF THE 7TH
Watertown Bucks batting - Pitching for St. Cloud Rox : RHP Tony Becerra
Batting: LHB Bryan Neal 0-0: Foul Ball, location: 2F
0-1: Ball
1-1: Ball
2-1: Foul Ball, location: 2F
2-2: Ball
3-2: Fly out, F9 (Flyball, 89D, EV 96.3 MPH)
Batting: RHB Eugene Cattane 0-0: SINGLE (Flyball, 89S, EV 88.8 MPH)
Batting: LHB Greg Guin 0-0: Ball
1-0: Ball
2-0: Fly out, F7 (Flyball, 7LD, EV 105.6 MPH)
Pitching: LHP Gibson Alba
Batting: RHB Thomas Dimino 0-0: Ball
1-0: Ball
2-0: Fielders Choice at 2nd, 5-4 (Groundball, 5, EV 104.4 MPH)
Bottom of the 7th over - 0 runs, 1 hit, 0 errors, 1 left on base; St. Cloud 3 - Watertown 0
TOP OF THE 8TH
St. Cloud Rox batting - Pitching for Watertown Bucks : RHP Tony Valenzuela
Batting: RHB Tony Castillo 0-0: Ball
1-0: Ball
2-0: Foul Ball, location: 2F
2-1: Foul Ball, location: 2F
2-2: Strikes out looking
Batting: RHB Dennis Sherrill 0-0: Ball
1-0: Called Strike
1-1: Ball
2-1: Foul Ball, location: 2F
2-2: Strikes out swinging
Batting: RHB Rich Velasquez 0-0: Ball
1-0: Called Strike
1-1: Ball
2-1: Ball
3-1: Foul Ball, location: 2F
3-2: Foul Ball, location: 2F
3-2: Ground out 1-3 (Groundball, 13S, EV 65.0 MPH)
Top of the 8th over - 0 runs, 0 hits, 0 errors, 0 left on base; St. Cloud 3 - Watertown 0
BOTTOM OF THE 8TH
Watertown Bucks batting - Pitching for St. Cloud Rox : LHP Gibson Alba
Batting: LHB Manuel Vigil 0-0: Swinging Strike
0-1: Called Strike
0-2: Foul Ball, location: 2F
0-2: Foul Ball, location: 2F
0-2: Fly out, F9 (Flyball, 9, EV 81.9 MPH)
Batting: SHB Luis Rivera 0-0: Called Strike
0-1: Ball
1-1: Ball
2-1: Ball
3-1: Fly out, F9 (Flyball, 89D, EV 80.6 MPH)
Batting: RHB Robert Tanzi 0-0: Swinging Strike
0-1: Ball
1-1: Foul Ball, location: 2F
1-2: SOLO HOME RUN (Flyball, 9LD, EV 108.8 MPH), Distance : 354 ft
Batting: RHB Randy Hunt 0-0: Swinging Strike
0-1: Foul Ball, location: 2F
0-2: Ball
1-2: Strikes out swinging, 2-3 out at first.
Bottom of the 8th over - 1 run, 1 hit, 0 errors, 0 left on base; St. Cloud 3 - Watertown 1
TOP OF THE 9TH
St. Cloud Rox batting - Pitching for Watertown Bucks : RHP Tony Valenzuela
Batting: LHB Doran Perdue 0-0: Foul Ball, location: 2F
0-1: Ground out 6-3 (Groundball, 6MD, EV 80.6 MPH)
Batting: RHB Ron Gardenhire 0-0: Ball
1-0: Swinging Strike
1-1: Foul Ball, location: 2F
1-2: Ball
2-2: DOUBLE (Line Drive, 9LS, EV 98.1 MPH)
Batting: SHB R J Reynolds 0-0: Intentional Walk
Batting: LHB Tim Flannery 0-0: Ball
1-0: Called Strike
1-1: Ball
2-1: SINGLE (Line Drive, 8LS, EV 92.5 MPH)
Ron Gardenhire to third
R J Reynolds to second
Runner from 3rd tries for Home, SAFE, throw by CF to home
Pitching: LHP Kenneth Likewise
Batting: LHB Curtis Morgan 0-0: Called Strike
R J Reynolds steals 3rd base
Tim Flannery to second
0-1: Ball
1-1: SINGLE (Groundball, 5D, EV 103.8 MPH)
R J Reynolds scores
Tim Flannery to third
Runner from 3rd tries for Home, SAFE, throw by LF to home
Curtis Morgan to second
Batting: SHB Manny Galvez 0-0: Called Strike
0-1: Ball
1-1: Ground out U3 (Groundball, 34, EV 84.4 MPH)
Curtis Morgan to third
Batting: RHB Tony Castillo 0-0: Foul Ball, location: 2F
0-1: Fly out, F4 (Popup, 34, EV 58.8 MPH)
Top of the 9th over - 3 runs, 3 hits, 0 errors, 1 left on base; St. Cloud 6 - Watertown 1
BOTTOM OF THE 9TH
Watertown Bucks batting - Pitching for St. Cloud Rox : LHP Gibson Alba
Batting: RHB Richard Plautz 0-0: Called Strike
0-1: Ball
1-1: Swinging Strike
1-2: Ball
2-2: Ball
3-2: Base on Balls
Batting: LHB Bryan Neal 0-0: Fly out, F6 (Popup, 6MD, EV 65.0 MPH)
Batting: RHB Eugene Cattane 0-0: Swinging Strike
0-1: Fly out, F8 (Line Drive, 8RD, EV 84.4 MPH)
Batting: LHB Greg Guin 0-0: Ball
1-0: Called Strike
1-1: Foul Ball, location: 2F
1-2: Foul Ball, location: 2F
1-2: Fly out, F7 (Flyball, 7, EV 81.3 MPH)
Bottom of the 9th over - 0 runs, 0 hits, 0 errors, 1 left on base; St. Cloud 6 - Watertown 1
Monday, August 10th, 2020 - OOTP Baseball 21.5 Build 76